 Dungeon Crawl Stone Soup version 0.29.1-12-g30fa7ad0bf (webtiles) character file.

Game seed: 8520946003936999498

581 Radix the Grave Robber (level 7, -4/36 HPs)
             Began as a Deep Elf Necromancer on Jan 14, 2023.
             Was an Initiate of Yredelemnul.
             Shot with a bolt by an orc warrior (15 damage)
             ... on level 5 of the Dungeon.
             The game lasted 00:30:48 (4509 turns).

Radix the Grave Robber (Deep Elf Necromancer)       Turns: 4509, Time: 00:30:48

Health: -4/36      AC: 10    Str:  5    XL:     7   Next: 13%
Magic:  4/19       EV: 12    Int: 22    God:    Yredelemnul [......]
Gold:   247        SH:  0    Dex: 15    Spells: 9/19 levels left

rFire   . . .      SeeInvis +   n - +0 rapier
rCold   . . .      Faith    .   (no shield)
rNeg    . . .      Spirit   .   a - +0 robe
rPois   .          Reflect  .   b - +0 helmet
rElec   .          Harm     .   (no cloak)
rCorr   .          Rampage  .   j - +2 pair of gloves
Will    .....                   (no boots)
Stlth   ++........              (no amulet)
HPRegen 0.12/turn               c - ring of see invisible
MPRegen 0.16/turn               k - +4 ring of protection

@: no status effects
A: no striking features
a: Renounce Religion, Recall Undead Harvest


You were on level 5 of the Dungeon.
You worshipped Yredelemnul.
Yredelemnul was noncommittal.
You visited 1 branch of the dungeon, and saw 5 of its levels.
You also visited: Sewer.

You collected 247 gold pieces.

Inventory:

Hand Weapons
 i - a +0 dagger
 n - a +0 rapier (weapon)
Armour
 a - a +0 robe (worn)
 b - a +0 helmet (worn)
 j - a +2 pair of gloves (worn)
Jewellery
 c - a ring of see invisible (left hand)
 k - a +4 ring of protection (right hand)
 u - a ring of ice
Wands
 f - a wand of charming (7)
Scrolls
 d - a scroll of fog
 e - a scroll of poison
 l - 2 scrolls of enchant armour
 m - a scroll of magic mapping
 r - a scroll of teleportation
Potions
 h - a potion of brilliance
 p - a potion of resistance
 q - a potion of flight


   Skills:
 - Level 2.4 Dodging
 - Level 2.4 Stealth
 + Level 6.9 Spellcasting
 + Level 4.4 Hexes
 + Level 7.5 Necromancy


You had 9 spell levels left.
You knew the following spells:

 Your Spells              Type           Power      Damage    Failure   Level
a - Necrotise             Necr           100%       1d9       1%          1
b - Agony                 Necr           40%        N/A       11%         5
c - Anguish               Hex/Necr       16%        N/A       7%          4

Your spell library contained the following spells:

 Spells                   Type           Power      Damage    Failure   Level
 Vampiric Draining        Necr           40%        2d8       1%          3
 Apportation              Tloc           14%        N/A       9%          1
 Beastly Appendage        Tmut           14%        N/A       9%          1
 Summon Small Mammal      Summ           28%        N/A       9%          1
 Wereblood                Tmut           7%         N/A       13%         2
 Spider Form              Tmut/Pois      7%         N/A       26%         3
 Enfeeble                 Hex            13%        N/A       100%        7
 Animate Dead             Necr           Unusable   N/A       N/A         4

Dungeon Overview and Level Annotations

Branches:
Dungeon (5/15)              Sewer (visited)
 Temple: D:4-7

Altars:
Ashenzari
Fedhas
Yredelemnul

Shops:
D:1 *   D:3 *


Message History

Aim: an orc priest, wielding a +0 hand axe and wearing a +0 leather armour of positive energy (heavily wounded, anguished, chance to affect: 83%)
The orc priest writhes in agony.
The orc priest hits you with a +0 hand axe.
The orc priest is wracked by anguish.
The orc priest invokes the aid of Beogh against you.
Beogh smites you!
The orc priest is wracked by anguish!
The orc priest dies!
Unknown command.
Aiming: Necrotise (safe; 1% risk of failure)
Press: ? - help, Q - select action, (/) - cycle Shift-Dir - straight line, f/p - orc priest
Aim: an orc priest, wielding a +0 hand axe and wearing a +0 leather armour of positive energy (severely wounded, anguished, chance to affect: 83%)
The orc priest is unaffected.
The orc priest barely misses you.
Aiming: Necrotise (safe; 1% risk of failure)
Press: ? - help, Q - select action, (/) - cycle Shift-Dir - straight line, f/p - orc priest
Aim: an orc priest, wielding a +0 hand axe and wearing a +0 leather armour of positive energy (severely wounded, anguished, chance to affect: 83%)
The orc priest writhes in agony.
The orc priest miscasts a cantrip.
An orc comes into view.
It is wielding a +0 falchion of flaming.
Aiming: Necrotise (safe; 1% risk of failure)
Press: ? - help, Q - select action, (/) - cycle Shift-Dir - straight line, f/p - orc priest
Aim: an orc priest, wielding a +0 hand axe and wearing a +0 leather armour of positive energy (almost dead, anguished, chance to affect: 83%)
The orc priest writhes in agony.
You kill the orc priest!
You feel better.
The orc warrior hits you with a +0 battleaxe!
An orc wizard comes into view. It is wielding a +0 dagger.
Casting: Necrotise (safe; 1% risk of failure)
Confirm with . or Enter, or press ? or * to list all spells.
You don't have enough magic to cast this spell.
Okay, then.
As you read the scroll of fog, it crumbles to dust.
The scroll dissolves into smoke.
The orc warrior barely misses you.
The orc warrior unwields a +0 battleaxe.
The orc warrior wields a +0 arbalest.
The orc warrior shoots a bolt.
The bolt closely misses you.
You hear a shout!
The orc warrior shoots a bolt.
The bolt hits you!
You die...
Your body rises from the dead as a mindless zombie.

#.... ...
#.# #<# #.#
#.# #.#
#########.#
#§§.@.....#
#o#########
#§# #§# #§#
#§# #§# #o#


oo# You could see an orc warrior.

Vanquished Creatures
  2 bullfrogs (Sewer)
  A hound (D:5)
  A jelly (D:4)
  An orc priest (D:5)
  Robin (D:2)
  5 river rats (Sewer)
  7 adders
  3 dart slugs
  10 orcs
  8 ball pythons
  4 bats
  3 endoplasms
  3 giant cockroaches
  12 goblins
  10 hobgoblins
  9 jackals
  3 kobolds (D:1)
  4 quokkas
  4 frilled lizards
  20 rats
  A spectral orc (D:4)
112 creatures vanquished.

Vanquished Creatures (collateral kills)
  A phantom (D:5)
  An adder (Sewer)
  A bat (D:4)
  2 endoplasms (Sewer)
  A jackal (D:3)
  A ball python (Sewer)
  3 frilled lizards (Sewer)
  A kobold (D:2)
  9 rats (Sewer)
20 creatures vanquished.

Vanquished Creatures (others)
  An orc priest (D:5)
  A hound zombie (D:5)
  2 orc zombies (D:5)
  4 plants (D:1)
8 creatures vanquished.

Grand Total: 140 creatures vanquished

Notes
Turn   | Place    | Note
-------+----------+-------------------------------------------
     0 | D:1      | Radix the Deep Elf Necromancer began the quest for the Orb.
     0 | D:1      | Reached XP level 1. HP: 10/10 MP: 6/6
   134 | D:1      | Reached skill level 5 in Necromancy
   230 | D:1      | Reached XP level 2. HP: 15/15 MP: 4/8
   498 | D:1      | Found Yveaniss's General Store.
   755 | D:1      | Reached XP level 3. HP: 19/19 MP: 6/10
   865 | D:1      | Found a faded altar of an unknown god.
  1301 | D:2      | Noticed Robin
  1331 | D:2      | Killed Robin
  1332 | D:2      | Reached XP level 4. HP: 16/24 MP: 9/12
  1513 | D:2      | You fall into a shaft and drop 1 floor!
  1513 | D:3      | Found a blossoming altar of Fedhas.
  1562 | D:3      | Reached skill level 6 in Necromancy
  1562 | D:3      | Found Wupeo's General Store.
  1960 | D:3      | Reached skill level 5 in Spellcasting
  2665 | D:4      | Found a broken altar of Ashenzari.
  2701 | D:4      | Reached skill level 1 in Hexes
  2701 | D:4      | Reached XP level 5. HP: 28/28 MP: 10/14
  2744 | D:4      | Found a glowing drain.
  2793 | Sewer    | Entered a sewer
  3172 | Sewer    | HP: 1/28 [bullfrog (2)]
  3177 | Sewer    | Reached skill level 7 in Necromancy
  3177 | Sewer    | Reached XP level 6. HP: 22/32 MP: 11/17
  3288 | D:4      | Learned a level 5 spell: Agony
  3585 | D:4      | Found a basalt altar of Yredelemnul.
  3592 | D:4      | Became a worshipper of Yredelemnul the Dark
  3912 | D:4      | Learned a level 4 spell: Anguish
  4378 | D:5      | Entered Level 5 of the Dungeon
  4412 | D:5      | Reached XP level 7. HP: 30/36 MP: 16/19
  4509 | D:5      | Shot with a bolt by an orc warrior

Illustrated notes

Levels and vault maps discovered:
D:1:      erik_arrival_triangle_huge, layout_loops_ring,
          dilly_ecumenical_altar_fadedgnrine, serial_shops,
          nicolae_shop_hallway_plus, minivault_26
D:2:      minmay_chambers_of_twos, layout_basic, uniq_robin
D:3:      layout_basic, fedhas_altar_fruit_tree, serial_shops, shop_coins,
          due_unseen_surprise
D:4:      layout_basic, evilmike_ruin_ashenzari,
          yredelemnul_forgotten_temple_becter, cheibrodos_sewer_entry_sluice
D:5:      layout_loops_ring, saegor_snake_ambush, uniq_sigmund

Skill      XL: |  1  2  3  4  5  6 |
---------------+-------------------+-----
Necromancy     | 5 6 7 |  7.5
Spellcasting   | 4 5 6 |  6.9
Hexes          | 1 3 4 |  4.4
Dodging        | |  2.4
Stealth        | |  2.4

Action                   |  1- 3 |  4- 6 |  7- 9 || total
-------------------------+-------+-------+-------++-------
Melee: Dagger            |     3 |     1 |       ||     4
       Rapier            |       |    56 |       ||    56
 Cast: Necrotise         |    56 |   117 |    11 ||   184
       Agony             |       |       |     1 ||     1
       Anguish           |       |       |     1 ||     1
  Use: Potion            |     1 |     4 |     1 ||     6
       Scroll            |       |    11 |     1 ||    12
 Stab: Sleeping          |       |     1 |       ||     1
Armor: Robe              |     1 |    49 |       ||    50
Dodge: Dodged            |    12 |    84 |     5 ||   101
